 Dungeon Crawl Stone Soup version 0.32-a0-791-gfc315c9ecd (webtiles) character file.

Game seed: 14731614808554187237

4221 Hubris850 the Grappler (level 10, -2/71 HPs)
             Began as a Grey Draconian Shapeshifter on Mar 20, 2024.
             Was a Believer of the Shining One.
             Slain by a warg (9 damage)
             ... on level 8 of the Dungeon.
             The game lasted 00:22:07 (8496 turns).

Hubris850 the Grappler (DrSh)                       Turns: 8496, Time: 00:22:08

Health: -2/71      AC: 12    Str: 16 (18) XL:     10   Next: 9%
Magic:  10/10      EV: 15    Int: 20      God:    the Shining One [**....]
Gold:   489        SH:  0    Dex:  9 (12) Spells: 9/9 levels left

rFire   . .          .
                       - Unarmed
rCold   . . .        z - melded +2 buckler
rNeg    + . .        (body armour unavailable)
rPois   +            (helmet restricted)
rElec   .            (no cloak)
rCorr   .            (no gloves)
SInv    .            (no boots)
Will    +....        m - amulet of the acrobat
Stlth   +            y - +6 ring of intelligence
HPRegen 0.31/turn    i - ring of willpower
MPRegen 0.12/turn

%: acrobat
@: flux-form, glowing
A: glow, contaminating, mud breath, mud-swimmer, AC +12, amphibious, unfitting
armour, cold-blooded, clever 1, deterioration 1, poison resistance
a: Mud Breath, Begin Untransformation, Renounce Religion, Divine Shield


You were on level 8 of the Dungeon.
You worshipped the Shining One.
The Shining One was pleased with you.
You were something dangerously unstable.
You visited 2 branches of the dungeon, and saw 10 of its levels.

You collected 489 gold pieces.

Inventory:

Hand Weapons
 b - the +5 sling of Foolhardiness {heavy, Str+5}
   (You found it on level 3 of the Dungeon)

   Str+5:     It affects your strength (+5).
 l - a +3 hand axe
 q - a +0 lajatang
 r - a +1 dagger of electrocution
Missiles
 a - 4 boomerangs (quivered)
 E - 43 poisoned darts
 H - a throwing net
Armour
 o - a +0 cloak
 z - a +2 buckler (melded)
 A - a +0 pair of gloves
Jewellery
 i - a ring of willpower (right hand)
 m - an amulet of the acrobat (around neck)
 n - an amulet of magic regeneration
 y - a +6 ring of intelligence (left hand)
 J - a ring of protection from fire
Talismans
 c - a flux talisman (active)
 s - a beast talisman
 u - a maw talisman
 x - a blade talisman
Scrolls
 d - a scroll of brand weapon
 e - 3 scrolls of noise
 f - a scroll of revelation
 h - a scroll of blinking
 j - 5 scrolls of teleportation
 k - a scroll of butterflies
 p - 3 scrolls of enchant weapon
 v - a scroll of immolation
 w - 3 scrolls of amnesia
 B - a scroll of poison
 C - a scroll of fog
 F - a scroll of fear
 K - a scroll of enchant armour
Potions
 g - 2 potions of magic
 t - a potion of might {unknown}
 D - a potion of brilliance {unknown}
 G - a potion of curing {unknown}
 I - a potion of resistance {unknown}


   Skills:
 - Level 1.1 Fighting
 - Level 1.7 Dodging
 - Level 5.0 Shields
 * Level 12.0 Unarmed Combat
 + Level 7.3 Shapeshifting


You had 9 spell levels left.
You didn't know any spells.
Your spell library contained the following spells:

 Spells                   Type           Power      Damage    Failure   Level
 Apportation              Tloc           0%         N/A       19%         1
 Necrotise                Necr           0%         1d4       19%         1
 Sting                    Conj/Alch      0%         1d3       19%         1
 Summon Small Mammal      Summ           0%         N/A       19%         1
 Frozen Ramparts          Ice            0%         1d1       50%         3
 Ozocubu's Armour         Ice            0%         N/A       50%         3
 Passwall                 Erth           0%         N/A       50%         3
 Volatile Blastmotes      Fire/Tloc      0%         2d10      50%         3
 Metabolic Englaciation   Hex/Ice        0%         N/A       99%         5
 Bombard                  Conj/Erth      0%         9d1       100%        6


Dungeon Overview and Level Annotations

Branches:
Dungeon (9/15)             Temple (1/1) D:4
   Lair: D:8-11         Orc: D:9-12

Altars:
Ashenzari
Cheibriados
Dithmenos
Elyvilon
Fedhas
Gozag
Hepliaklqana
Kikubaaqudgha
Makhleb
Nemelex Xobeh
Okawaru
Ru
Sif Muna
Trog
Uskayaw
Vehumet
Xom
Yredelemnul
Zin
The Shining One

Shops:
D:3 (   D:6 **


Innate Abilities, Weirdness & Mutations

You are something dangerously unstable.
You glow with magical radiation, making you easy to see and hit.
Foes you strike become dangerously contaminated with magical radiation.
You are incapable of wielding weapons or throwing items.
You can breathe torrents of mud.
You are unimpeded by mud.
Your dull iron-grey scales are very hard. (AC +12)
You are amphibious.
You cannot fit into any form of body armour.
You are cold-blooded and may be slowed by cold attacks.
Your mind is acute. (Int +4, Str/Dex -1)
Your body sometimes deteriorates upon taking damage.
Your system is resistant to poisons. (rPois)


Message History

The orc priest shudders as magic cascades through it!!
You kill the orc priest!
The Shining One accepts your kill.
You feel better.
The orc wizard mumbles some strange words.
The orc wizard flickers and vanishes!
Deactivating autopickup; reactivate with Ctrl-A.
The orc hits you but does no damage. The orc misses you.
The warg attacks as it pursues you! The warg bites you but does no damage.
The warg completely misses you.
The orc priest attacks as it pursues you!
The orc priest barely misses you. The warg bites you but does no damage.
The warg attacks as it pursues you! The warg bites you!
An orc warrior comes into view. It is wielding a +0 scimitar.
The warg attacks as it pursues you! The warg barely misses you.
The warg misses you. The warg attacks as it pursues you! The warg bites you!!
The warg attacks as it pursues you! The warg completely misses you.
The warg bites you!
* * * LOW HITPOINT WARNING * * *
An orc comes into view. It is wielding a +0 hand axe.
The orc priest mumbles some strange prayers to Beogh against you.
Beogh smites you!
* * * LOW HITPOINT WARNING * * *
Your body deteriorates!
You feel clumsy.
There is a stone staircase leading up, spattered with blood here.
The orc shouts!
The warg completely misses you.
You climb upwards.
Reactivating autopickup.
There is a stone staircase leading down here.
Okay, then.
You hit the warg but do no damage.
The warg begins to glow.
Your tail-slap misses the warg.
The warg bites you but does no damage. x2
You barely miss the warg. The warg closely misses you.
You barely miss the warg. You tail-slap the warg.
The warg is lightly wounded.
The warg bites you!
You die...

#####.#### #..######.#..###
#....# #.........#..... #....###
##.#########.### ####.....# ##'##
#.# #........# ##...## #.#
####.##..##.# ##.....## #.#
#....#....#.# #.......## ##.##
#.#..#..#...#######.....####...##
.....#........+#p.##...##.<#....#
#...........####.h.#...#)..#...##
####.#.####....##..#...#))###.##
#.........####.####....[#####.#
#....#....# #................#
#.#..#..#.# #.......⌠.......##
##...#....# ##..............#
########..# #####.....####.# #
###.### ##.'#...#..##.#


You could see a warg (contam).

Vanquished Creatures
  A wyvern (D:8)
  4 hogs (D:7)
  A human (D:7)
  Eustachio (D:4)
  Menkaure (D:5)
  An acid dragon (D:8)
  A water moccasin (D:8)
  2 orc warriors
  A black bear (D:6)
  An ice beast (D:5)
  An ogre (D:6)
  A centaur (D:8)
  2 phantoms (D:6)
  A bullfrog (D:8)
  3 kobold brigands
  A scorpion (D:5)
  2 gnoll sergeants (D:8)
  6 killer bees (D:8)
  2 vampire bats (D:3)
  6 howler monkeys
  2 electric eels (D:9)
  A bombardier beetle (D:4)
  5 hounds
  2 jellies
  A gnoll bouda (D:8)
  5 orc priests
  2 sleepcaps
  Crazy Yiuf (D:2)
  An iguana (D:6)
  3 orc wizards
  Natasha (twice) (D:2)
  Terence (D:3)
  16 gnolls
  9 adders
  A shadow imp (D:6)
  3 white imps
  8 ufetubi
  A ribbon worm (D:3)
  3 dart slugs
  27 orcs
  3 bat skeletons (D:3)
  4 bat zombies (D:3)
  4 endoplasms
  4 giant cockroaches
  3 goblins
  11 hobgoblins
  2 jackals (D:2)
  22 kobolds
  7 quokkas
  4 ball pythons
  5 bats
  A frilled lizard (D:1)
  2 rats (D:2)
205 creatures vanquished.

Vanquished Creatures (collateral kills)
  An orc (D:3)
1 creature vanquished.

Vanquished Creatures (others)
  A bat zombie (D:3)
1 creature vanquished.

Grand Total: 207 creatures vanquished

Notes
Turn   | Place    | Note
-------+----------+-------------------------------------------
     0 | D:1      | Hubris850 the Draconian Shapeshifter began the quest for
                  | the Orb.
     0 | D:1      | Reached XP level 1. HP: 16/16 MP: 1/1
   468 | D:1      | Reached XP level 2. HP: 15/23 MP: 2/2
   964 | D:1      | Found a faded altar of an unknown god.
  1323 | D:2      | Reached XP level 3. HP: 24/28 MP: 3/3
  1461 | D:1      | Reached skill level 4 in Unarmed Combat
  1475 | D:2      | Reached XP level 4. HP: 33/35 MP: 4/4
  1677 | D:2      | Noticed Natasha
  1690 | D:2      | Killed Natasha
  1904 | D:2      | Found a runed translucent door.
  1905 | D:2      | Noticed Crazy Yiuf
  1910 | D:2      | Gained mutation: Your mind is acute. (Int +4, Str/Dex -1)
                  | [potion of mutation]
  1910 | D:2      | Gained mutation: Your body sometimes deteriorates upon
                  | taking damage. [potion of mutation]
  1910 | D:2      | Gained mutation: Your system is resistant to poisons.
                  | (rPois) [potion of mutation]
  1917 | D:2      | Killed Crazy Yiuf
  2305 | D:2      | Noticed Natasha
  2310 | D:2      | Killed Natasha
  2311 | D:2      | Reached skill level 5 in Unarmed Combat
  2311 | D:2      | Reached XP level 5. HP: 39/40 MP: 5/5
  2490 | D:3      | Identified the +5 sling of Foolhardiness {heavy, Str+5}
  2505 | D:3      | Found Fyweitre's Antique Weapon Shop.
  2516 | D:3      | Noticed Terence
  2527 | D:3      | Killed Terence
  2982 | D:3      | Found an ancient bone altar of Kikubaaqudgha.
  2989 | D:3      | Reached XP level 6. HP: 47/47 MP: 6/6
  3268 | D:4      | Noticed Eustachio
  3356 | D:4      | Killed Eustachio
  3357 | D:4      | Reached skill level 6 in Unarmed Combat
  3485 | D:4      | Found a staircase to the Ecumenical Temple.
  3499 | Temple   | Entered the Ecumenical Temple
  3544 | Temple   | Became a worshipper of the Shining One
  3562 | D:4      | Found a sparkling altar of Nemelex Xobeh.
  3564 | D:4      | Your scales start taking on a dull iron-grey colour.
  3564 | D:4      | Reached XP level 7. HP: 52/52 MP: 7/7
  3706 | D:4      | Reached skill level 5 in Shapeshifting
  3763 | D:4      | Reached skill level 7 in Unarmed Combat
  4249 | D:5      | Entered Level 5 of the Dungeon
  4298 | D:5      | Reached skill level 1 in Shields
  4681 | D:5      | Noticed Menkaure
  4685 | D:5      | Killed Menkaure
  4758 | D:5      | Reached skill level 8 in Unarmed Combat
  4758 | D:5      | Reached XP level 8. HP: 59/59 MP: 8/8
  5010 | D:5      | Identified the +0 pair of gloves of the Distant Future
                  | {rPois}
  5300 | D:6      | Found Npnaguty's Needful Niceties.
  5368 | D:6      | Reached * piety under the Shining One
  5473 | D:6      | Found Goicyejy's General Store.
  5734 | D:6      | Reached skill level 9 in Unarmed Combat
  6210 | D:7      | Reached XP level 9. HP: 32/64 MP: 9/9
  6228 | D:7      | Reached skill level 10 in Unarmed Combat
  6431 | D:7      | Found a basalt altar of Yredelemnul.
  6734 | D:8      | Reached ** piety under the Shining One
  6750 | D:8      | Reached skill level 5 in Shields
  7202 | D:8      | Reached skill level 11 in Unarmed Combat
  8112 | D:9      | Reached XP level 10. HP: 42/71 MP: 10/10
  8407 | D:9      | Reached skill level 12 in Unarmed Combat
  8496 | D:8      | Slain by a warg

Illustrated notes

Levels and vault maps discovered:
D:1:      heliophobic_arrival_battle_scene, layout_loops_ring,
          serial_co_window_serial, co_window_corner_a, co_window_paths_a,
          co_window_of_opportunity_a, co_window_corner_a, co_window_corner_a,
          co_window_unsneaky_path_d, co_window_paths_c, co_window_broadway_a,
          co_window_2corner, co_window_paths_d, co_window_4corner_b,
          glass_columns_c, glass_columns_a, glass_columns_a, glass_columns_a,
          glass_columns_b, shapermc_ecumenical_altar_petra,
          minmay_misc_feat_rugged, minmay_misc_feat_cross
D:2:      layout_basic, uniq_natasha, uniq_crazy_yiuf_cottage
D:3:      layout_basic, kennysheep_vampire_church, serial_shops,
          nicolae_shop_getting_attention, uniq_terence
D:4:      layout_basic, old_standard_altar, temple_fountains, uniq_eustachio
D:5:      layout_basic, uniq_menkaure
D:6:      layout_loops_ring, serial_shops, shop, grunt_ministairs_5,
          nicolae_alphabet_shops
D:7:      layout_cave_pools, lemuel_doored_altar, grunt_livestock
D:8:      layout_loops_corners, kennysheep_big_empty_room,
          serial_library_regret_index_branch_corner, grunt_ministairs_6,
          hangedman_abyss_or_decor_passed
D:9:      layout_basic, nicolae_wu_jian_wuxing_cycle, erik_orc_4,
          hangedman_abyss_or_decor_slice
Temple:   nicolae_temple_bog_church

Skill      XL: |  1  2  3  4  5  6  7  8  9 10 |
---------------+-------------------------------+-----
Unarmed Combat | 4 5 6 8 9 11 12 | 12.0
Shapeshifting  | 4 5 6 7 |  7.3
Shields        | 2 4 5 |  5.0
Fighting       | |  1.1
Dodging        | |  1.7

Action                     |  1- 3 |  4- 6 |  7- 9 | 10-12 || total
---------------------------+-------+-------+-------+-------++-------
  Melee: Unarmed           |    85 |    27 |   340 |    41 ||   493
         Tailslap          |     7 |    11 |    43 |     6 ||    67
         Quarterstaff      |       |    81 |       |       ||    81
         Punch             |       |       |     1 |       ||     1
   Fire: Sling             |       |    26 |       |       ||    26
  Throw: Dart              |       |       |     2 |       ||     2
         Boomerang         |       |       |     1 |       ||     1
Ability: Mud Breath        |       |       |     5 |       ||     5
         Begin Untransform |       |       |     1 |       ||     1
    Use: Potion            |       |     4 |     2 |       ||     6
         Scroll            |       |       |    16 |       ||    16
   Stab: Sleeping          |     2 |       |       |       ||     2
 Armour: Skin              |    43 |   122 |   190 |    27 ||   382
  Dodge: Dodged            |    44 |   131 |   225 |    37 ||   437
  Block: Buckler           |       |       |    74 |       ||    74
   Form: Flux              |       |       |     1 |       ||     1

Table legend: (Time is in decaauts)
 A = Elapsed time spent in this place.
 B = Non-inter-level travel time spent in this place.
 C = Inter-level travel time spent in this place.
 D = Time resting spent in this place.
 E = Time spent auto-exploring this place.
 F = Levels seen in this place.
 G = Mean time per level.
                   A        B        C        D        E       F      G
               +--------+--------+--------+--------+--------+-----+--------+
         Total |   8483 |   8065 |    418 |    884 |   5738 |  10 |  848.3 |
       Dungeon |   8433 |   8020 |    413 |    884 |   5738 |   9 |  937.0 |
        Temple |     50 |     45 |      5 |      0 |      0 |   1 |   50.0 |
               +--------+--------+--------+--------+--------+-----+--------+

Top non-repeatable levels by time:
     D:8: 1312 daAuts
     D:1: 1235 daAuts
     D:2: 1159 daAuts
     D:5: 1030 daAuts
     D:3: 959 daAuts
     D:4: 882 daAuts
     D:6: 815 daAuts
     D:7: 760 daAuts
     D:9: 277 daAuts
  Temple: 50 daAuts
